 Dungeon Crawl Stone Soup version 0.15.2 (webtiles) character file.

196 striepan the Slasher (level 5, -7/46 HPs)
             Began as a Minotaur Fighter on Dec 20, 2014.
             Was an Initiate of Okawaru.
             Killed from afar by an orc wizard (8 damage)
             ... with a magic dart
             ... on Level 4 of the Dungeon on Dec 21, 2014.
             The game lasted 00:11:36 (2791 turns).

striepan the Slasher (Minotaur Fighter)             Turns: 2791, Time: 00:11:36

HP  -7/46        AC  8     Str 20      XL: 5   Next: 46%
MP   2/2         EV  6     Int 10      God: Okawaru [......]
Gold 177         SH  9     Dex 11      Spells:  0 memorised,  4 levels left

rFire  . . .     SeeInvis .     a - +0 long sword
rCold  . . .     Clarity  .     b - +0 scale mail
rNeg   . . .     rCorr    .     c - +0 shield
rPois  .         rRot     .     (helmet restricted)
rElec  .         Spirit   .     l - +0 cloak
SustAb .         Warding  .     (no gloves)
rMut   .         Stasis   .     (no boots)
Gourm  .                        u - amulet of rage
MR     .....                    (no ring)
                                (no ring)

@: brilliant, not resistant to hostile enchantments, extremely unstealthy
A: retaliatory headbutt, horns 2
a: Renounce Religion, Evoke Berserk Rage


You were on level 4 of the Dungeon.
You worshipped Okawaru.
Okawaru was noncommittal.
You were very hungry.

You visited 1 branch of the dungeon, and saw 4 of its levels.

You collected 177 gold pieces.

Inventory:

Hand weapons
 a - a +0 long sword (weapon)
Armour
 b - a +0 scale mail (worn)
 c - a +0 shield (worn)
 l - a +0 cloak (worn)
Magical devices
 y - a wand of polymorph (13) {unknown}
Comestibles
 d - 3 bread rations
 g - 3 meat rations
Scrolls
 f - 5 scrolls of teleportation {unknown}
 p - 2 scrolls of recharging {unknown}
 q - 2 scrolls of identify {unknown}
 r - a scroll of enchant weapon {unknown}
 t - 2 scrolls of random uselessness {unknown}
 A - a scroll of fear {unknown}
Jewellery
 h - an uncursed amulet of faith
 u - an amulet of rage (around neck)
 v - an uncursed amulet of stasis
Potions
 e - a potion of might
 i - a potion of cure mutation {unknown}
 j - a potion of cancellation {unknown}
 k - a potion of agility {unknown}
 m - a potion of brilliance
 n - a potion of curing {unknown}
 o - a potion of experience {unknown}
 s - a potion of invisibility {unknown}
 w - a potion of restore abilities {unknown}
 z - a potion of heal wounds {unknown}


   Skills:
 * Level 4.2 Fighting
 + Level 6.6 Long Blades
 - Level 3.6 Armour
 - Level 3.6 Shields


You had 4 spell levels left.
You didn't know any spells.

Dungeon Overview and Level Annotations

Branches:
Dungeon (4/15)             Temple (0/1) D:4

Altars:
Okawaru
Vehumet
Yredelemnul
The Shining One


Innate Abilities, Weirdness & Mutations

You reflexively headbutt those who attack you in melee.
You have a pair of horns on your head.


Message History

You barely miss the orc wizard. Your headbutt misses the orc wizard.
The orc wizard is heavily wounded.
The orc wizard closely misses you. The orc wizard barely misses you.
The orc hits you but does no damage. The kobold hits you but does no damage.
The orc wizard hits you but does no damage.
You hit the orc wizard. Your headbutt misses the orc wizard.
The orc wizard is severely wounded.
You block the orc wizard's attack. The kobold hits you but does no damage.
You block the orc's attack. The orc wizard casts a spell at you.
The magic dart hits you!
* * * LOW HITPOINT WARNING * * *
The orc wizard casts a spell at you. The puff of flame hits you!
* * * LOW HITPOINT WARNING * * *
You feel clever all of a sudden.
It was a potion of brilliance.
The orc wizard casts a spell at you. The magic dart hits you!
You die...

. .# .# .#
.#######.#
.........##
..........#
.......oKo.+
.......o@$.#
...........#
.........((.#
........(...#
#............#
#.........((.#
#............#
#............#
#............#


You could see 2 orc wizards, an orc and a kobold.

Vanquished Creatures
  A worker ant (D:4)
  7 gnolls
  2 adders
  2 giant mites
  3 giant geckos
  3 orcs
  A ball python (D:2)
  7 giant cockroaches
  10 goblins
  6 hobgoblins
  2 jackals (D:1)
  4 bats
  5 giant newts
  8 kobolds
  5 rats
  A rat skeleton (D:4)
67 creatures vanquished.

Notes
Turn   | Place    | Note
--------------------------------------------------------------
     0 | D:1      | striepan, the Minotaur Fighter, began the quest for the Orb.
     0 | D:1      | Reached XP level 1. HP: 19/19 MP: 1/1
   138 | D:1      | Reached XP level 2. HP: 26/26 MP: 1/1
   319 | D:1      | Reached skill level 4 in Long Blades
   583 | D:1      | Reached XP level 3. HP: 31/31 MP: 2/2
   864 | D:2      | Found a basalt altar of Yredelemnul.
   865 | D:2      | Noticed a profane servitor
   869 | D:2      | Found a glowing golden altar of the Shining One.
   870 | D:2      | Noticed an angel
  1191 | D:2      | Found an iron altar of Okawaru.
  1206 | D:2      | Became a worshipper of Warmaster Okawaru
  1214 | D:2      | Reached skill level 5 in Long Blades
  1613 | D:3      | Found a radiant altar of Vehumet.
  1621 | D:3      | Reached XP level 4. HP: 30/39 MP: 2/2
  1776 | D:3      | Reached skill level 6 in Long Blades
  2332 | D:4      | Found a staircase to the Ecumenical Temple.
  2395 | D:4      | Reached XP level 5. HP: 27/46 MP: 2/2
  2790 | D:4      | HP: 1/46 [orc wizard/puff of flame (10)]
  2791 | D:4      | Killed from afar by an orc wizard

Action                   |  1- 3 |  4- 6 || total
-------------------------+-------+-------++-------
Melee: Long sword        |   122 |    75 ||   197
  Use: Potion            |       |     1 ||     1
  Eat: Chunk             |     2 |     3 ||     5
